 Dungeon Crawl Stone Soup version 0.22-a0-570-g58866f5 (webtiles) character file.

317 kae the Firebug (level 6, 0/32 HPs)
             Began as a Tengu Fire Elementalist on June 30, 2018.
             Succumbed to a worker ant's poison
             ... on level 4 of the Dungeon.
             The game lasted 00:04:45 (2899 turns).

kae the Firebug (Tengu Fire Elementalist)           Turns: 2899, Time: 00:04:46

Health: 0/32       AC:  3    Str:  9    XL:     6   Next: 45%
Magic:  12/12      EV: 12    Int: 17    God:
Gold:   99         SH:  0    Dex: 14    Spells: 5/11 levels left

rFire    . . .     SeeInvis .   (no weapon)
rCold    . . .     Gourm    .   (no shield)
rNeg     . . .     Faith    .   a - +0 robe
rPois    .         Spirit   .   (helmet restricted)
rElec    .         Reflect  .   (no cloak)
rCorr    .         Harm     .   b - +0 pair of gloves
MR       .....                  (boots unavailable)
Stlth    ++........             (no amulet)
HPRegen  0.10/turn              (no ring)
MPRegen  0.13/turn              (no ring)

@: lethally poisoned (0 -> -10)
A: beak, talons 3, able to fly 1
a: Fly


You were on level 4 of the Dungeon.
You were not hungry.

You visited 1 branch of the dungeon, and saw 4 of its levels.

You collected 99 gold pieces.

Inventory:

Armour
 a - a +0 robe (worn)
 b - a +0 pair of gloves (worn)
Jewellery
 h - an uncursed ring of poison resistance {unknown}
 i - a cursed -3 ring of evasion {unknown}
 j - an uncursed amulet of rage {unknown}
Wands
 e - a wand of random effects (11)
Scrolls
 m - 3 scrolls of remove curse
Potions
 k - 2 potions of brilliance
Comestibles
 c - 11 rations
 d - 2 chunks of flesh


   Skills:
 - Level 2.1 Dodging
 - Level 2.0 Stealth
 + Level 3.4 Spellcasting
 + Level 4.2 Conjurations
 * Level 5.9 Fire Magic


You had 5 spell levels left.
You knew the following spells:

 Your Spells              Type           Power        Failure   Level  Hunger
a - Flame Tongue          Conj/Fire      ###..        1%          1    None
b - Throw Flame           Conj/Fire      ###...       3%          2    ##.....
c - Conjure Flame         Conj/Fire      ###.....     6%          3    ###....

Your spell library contained the following spells:

 Spells                   Type           Power        Failure   Level  Hunger
 Fireball                 Conj/Fire      ###.......   50%         5    ######.
 Sticky Flame             Conj/Fire      ###.....     21%         4    ####...
 Inner Flame              Hex/Fire       ##......     16%         3    ###....


Dungeon Overview and Level Annotations

Branches:
Dungeon (4/15)
 Temple: D:4-7

Altars:
Kikubaaqudgha
Uskayaw
The Shining One

Annotations:
D:3 1 transporter, Sigmund
D:4 Pikel


Innate Abilities, Weirdness & Mutations

You have a beak for a mouth.
You have claws for feet.
You can fly.


Message History

You don't have enough magic to cast that spell.
Okay, then.
There is a lethal amount of poison in your body!
There is a lethal amount of poison in your body!
It was a potion of magic.
Magic courses through your body.
* * * LOW HITPOINT WARNING * * *
You feel sick.
Okay, then.
Okay, then.
Unknown command.
As you read the scroll of teleportation, it crumbles to dust.
You feel strangely unstable.
* * * LOW HITPOINT WARNING * * *
You feel sick.
* * * LOW HITPOINT WARNING * * *
You feel sick.
* * * LOW HITPOINT WARNING * * *
You feel sick.
Your surroundings suddenly seem different.
You die...

#....$#
#.....###
#........
#........
#[.......
#....%...
#........
#@%......
###+####+


There were no monsters in sight!

Vanquished Creatures
  A slave (D:4)
  A crimson imp (D:4)
  A jelly (D:4)
  Ijyb (D:3)
  4 worker ants (D:4)
  A worker ant zombie (D:3)
  2 adders (D:2)
  An ooze (D:1)
  An adder skeleton (D:4)
  4 worms
  A dart slug (D:1)
  A leopard gecko (D:1)
  4 orcs
  4 bats
  8 giant cockroaches
  11 goblins
  4 hobgoblins (D:1)
  7 jackals
  A quokka (D:2)
  2 ball pythons
  7 frilled lizards
  5 kobolds
  12 rats
84 creatures vanquished.

Vanquished Creatures (others)
  A human (D:3)
1 creature vanquished.

Grand Total: 85 creatures vanquished

Notes
Turn   | Place    | Note
-------+----------+-------------------------------------------
     0 | D:1      | kae the Tengu Fire Elementalist began the quest for the Orb.
     0 | D:1      | Reached XP level 1. HP: 10/10 MP: 4/4
   221 | D:1      | Reached XP level 2. HP: 11/15 MP: 3/6
   438 | D:1      | Reached XP level 3. HP: 1/19 MP: 0/7
   727 | D:1      | Learned a level 2 spell: Throw Flame
   731 | D:1      | Learned a level 3 spell: Conjure Flame
   834 | D:1      | Reached skill level 4 in Fire Magic
  1430 | D:2      | Reached XP level 4. HP: 24/24 MP: 6/8
  1781 | D:2      | Found a glowing golden altar of the Shining One.
  1872 | D:3      | Found an ancient bone altar of Kikubaaqudgha.
  1873 | D:3      | Noticed a human
  1876 | D:3      | Killed a human
  1925 | D:3      | Noticed Ijyb
  1936 | D:3      | Killed Ijyb
  2091 | D:3      | Gained mutation: You can fly. [Tengu growth]
  2091 | D:3      | Reached XP level 5. HP: 28/28 MP: 6/10
  2174 | D:3      | Found a transporter.
  2333 | D:3      | Reached skill level 5 in Fire Magic
  2430 | D:3      | Noticed Sigmund
  2537 | D:4      | Noticed a slave
  2537 | D:4      | Noticed a slave
  2538 | D:4      | Noticed a slave
  2553 | D:4      | Noticed Pikel
  2555 | D:4      | Killed a slave
  2555 | D:4      | Noticed a slave
  2716 | D:4      | Reached XP level 6. HP: 17/32 MP: 2/11
  2842 | D:4      | Found a hide-covered altar of Uskayaw.
  2898 | D:4      | HP: 1/32 [poisoned by a worker ant]
  2899 | D:4      | Succumbed to a worker ant's poison

Vault maps used:
D:1:      ncdulo_wetmaze
D:2:      tso_oasis_becter, mrwooster_statue_mirror
D:3:      gammafunk_steamed_eel, chequers_temple_overflow_minitemple,
          tgw_kikubaaqudgha, uniq_sigmund, uniq_ijyb
D:4:      overflow_temple_1_default, first_ration, gup_ossuary_entry_pyramid,
          uniq_pikel, uniq_duvessa

Skill      XL: |  1  2  3  4  5  6 |
---------------+-------------------+-----
Conjurations   | 2 3 4 |  4.2
Fire Magic     | 4 5 |  5.9
Spellcasting   | 3 |  3.4
Dodging        | |  2.1
Stealth        | |  2.0

Action                   |  1- 3 |  4- 6 || total
-------------------------+-------+-------++-------
Melee: Unarmed           |    18 |    31 ||    49
       Kick              |     5 |    11 ||    16
       Peck              |     3 |     3 ||     6
 Cast: Flame Tongue      |    60 |   109 ||   169
       Conjure Flame     |       |     3 ||     3
       Throw Flame       |       |     1 ||     1
  Use: Scroll            |     2 |     5 ||     7
       Potion            |       |     6 ||     6
  Eat: Chunk             |     2 |     6 ||     8
Armor: Robe              |     7 |    21 ||    28
Dodge: Dodged            |    44 |    48 ||    92

Table legend:
 A = Spawn XP
 B = Non-spawn XP
 C = Spawn XP percentage of total XP
 D = Spawn monster count
 E = Non-spawn monster count
 F = Spawn count percentage of total count
 G = Total turns spent on level
                    A         B        C        D         E        F      G
               +---------+---------+-------+---------+---------+-------+---------
         Total |       0 |     454 |   0.0 |       0 |      83 |   0.0 |  2899
               +---------+---------+-------+---------+---------+-------+---------
           D:1 |       0 |      53 |   0.0 |       0 |      26 |   0.0 |  1278
           D:2 |       0 |      57 |   0.0 |       0 |      21 |   0.0 |   590
           D:3 |       0 |     100 |   0.0 |       0 |      25 |   0.0 |   604
           D:4 |       0 |     244 |   0.0 |       0 |      11 |   0.0 |   427
               +---------+---------+-------+---------+---------+-------+---------
